 Dungeon Crawl Stone Soup version 0.31.0-32-g396128a36d (webtiles) character file.

Game seed: 1552065789191638504

60 eelars the Magician (level 3, -7/19 HPs)
             Began as a Deep Elf Air Elementalist on Mar 24, 2024.
             Mangled by an ogre
             ... wielding a +0 giant club
              (20 damage)
             ... on level 2 of the Dungeon.
             The game lasted 00:03:32 (1715 turns).

eelars the Magician (Deep Elf Air Elementalist)     Turns: 1715, Time: 00:03:33

Health: -7/19      AC:  2    Str:  5    XL:     3   Next: 80%
Magic:  7/10       EV: 13    Int: 21    God:
Gold:   51         SH:  0    Dex: 15    Spells: 6/9 levels left

rFire   . . .        f - +0 short sword (venom)
rCold   . . .        (no shield)
rNeg    . . .        a - +0 robe
rPois   .            (no helmet)
rElec   .            (no cloak)
rCorr   .            (no gloves)
SInv    .            (no boots)
Will    .....        (no amulet)
Stlth   ++           (no ring)
HPRegen 0.23/turn    (no ring)
MPRegen 0.12/turn

%: no passive effects
@: no status effects
A: no striking features
a: no special abilities


You were on level 2 of the Dungeon.
You visited 1 branch of the dungeon, and saw 2 of its levels.

You collected 51 gold pieces.

Inventory:

Hand Weapons
 c - a +0 short sword
 f - a +0 short sword of venom (weapon)
Armour
 a - a +0 robe (worn)
Jewellery
 i - a +4 ring of protection
Scrolls
 d - 4 scrolls of identify {unknown}
Potions
 b - a potion of magic
 e - 2 potions of mutation {unknown}
 g - a potion of curing {unknown}
 h - a potion of lignification {unknown}


   Skills:
 + Level 3.2 Dodging
 - Level 2.4 Stealth
 + Level 3.9 Spellcasting
 + Level 2.2 Conjurations
 + Level 3.5 Air Magic


You had 6 spell levels left.
You knew the following spells:

 Your Spells              Type           Power      Damage    Failure   Level
a - Shock                 Conj/Air       64%        1d7       3%          1
b - Static Discharge      Conj/Air       32%        3-5/arc   6%          2

Your spell library contained the following spells:

 Spells                   Type           Power      Damage    Failure   Level
 Swiftness                Air            18%        N/A       9%          3
 Airstrike                Air            9%         2d(2-18)  28%         4


Dungeon Overview and Level Annotations

Branches:
Dungeon (2/15)

Altars:
Ashenzari

Shops:
D:1 [


Message History

Casting: Shock (safe; 3% risk of failure)
Confirm with . or Enter, or press ? or * to list all spells.
Aiming: Shock (safe; 3% risk of failure)
Press: ? - help, Shift-Dir - straight line The zap hits the endoplasm.
The endoplasm is moderately wounded.
The endoplasm quivers.
The zap hits the endoplasm.
The endoplasm is severely wounded.
Casting: Shock (safe; 3% risk of failure)
Confirm with . or Enter, or press ? or * to list all spells.
Aiming: Shock (safe; 3% risk of failure)
Press: ? - help, Shift-Dir - straight line The zap hits the endoplasm.
You kill the endoplasm!
d - 4 scrolls labelled YLUGOT KABAIN (gained 2)
An ogre comes into view. It is wielding a +0 giant club.
An ogre is nearby!
Casting: Shock (safe; 3% risk of failure)
Confirm with . or Enter, or press ? or * to list all spells.
You can't see any susceptible monsters within range! (Use Z to cast anyway.)
Casting: Shock (safe; 3% risk of failure)
Confirm with . or Enter, or press ? or * to list all spells.
Aiming: Shock (safe; 3% risk of failure)
Press: ? - help, Shift-Dir - straight line, f - ogre
Aim: an ogre, wielding a +0 giant club (asleep, 100% to hit)
The zap hits the ogre.
The ogre is lightly wounded.
The ogre shouts!
Casting: Shock (safe; 3% risk of failure)
Confirm with . or Enter, or press ? or * to list all spells.
The ogre is struck by an arc of lightning.
The ogre is moderately wounded.
You are struck by an arc of lightning.
The ogre is struck by an arc of lightning.
The ogre is heavily wounded.
You are struck by an arc of lightning.
The lightning grounds out.
The ogre hits you with a +0 giant club!!
Ouch! That really hurt!
You die...

#.# #+ #.# #.
#.# #. #.#
##.# #.# ##...
#.# #.... #.#
#..O########.#
#..@........#
#.###########
.. ##


You could see an ogre.

Vanquished Creatures
  An adder (D:2)
  3 dart slugs
  An orc (D:2)
  4 ball pythons
  6 endoplasms
  A giant cockroach (D:1)
  3 goblins
  6 hobgoblins
  4 quokkas
  4 bats
  A frilled lizard (D:1)
  4 kobolds
  2 rats (D:1)
40 creatures vanquished.

Notes
Turn   | Place    | Note
-------+----------+-------------------------------------------
     0 | D:1      | eelars the Deep Elf Air Elementalist began the quest for
                  | the Orb.
     0 | D:1      | Reached XP level 1. HP: 10/10 MP: 6/6
   170 | D:1      | Reached XP level 2. HP: 15/15 MP: 5/8
   428 | D:1      | Found Ytuw Jay's Antique Armour Shoppe.
   565 | D:1      | Reached XP level 3. HP: 19/19 MP: 2/10
  1034 | D:2      | Learned a level 2 spell: Static Discharge
  1093 | D:2      | Found a broken altar of Ashenzari.
  1612 | D:2      | Found a faded altar of an unknown god.
  1713 | D:2      | Noticed an ogre
  1715 | D:2      | Mangled by an ogre

Illustrated notes

Levels and vault maps discovered:
D:1:      dpeg_arrival_court, layout_rooms, serial_shops, shop
D:2:      layout_loops_corners, basic_altar, dreamdust_ecumenical_altar_grove,
          minmay_crystal_room

Skill      XL: |  1  2  3 |
---------------+----------+-----
Dodging        | 3 |  3.2
Conjurations   | 2 |  2.2
Stealth        | |  2.4
Spellcasting   | |  3.9
Air Magic      | |  3.5

Action                     || total
---------------------------++-------
  Melee: Unarmed           ||    16
         Short sword       ||     1
   Cast: Shock             ||    91
         Static Discharge  ||     3
 Armour: Robe              ||    19
  Dodge: Dodged            ||    15
